 Dungeon Sprint DCSS version 0.21-a0-338-g36cf2fc (webtiles) character file.

209 Kidiri the Thaumaturge (level 5, -18/28 HPs)
             Began as a Deep Elf Fire Elementalist on Oct 3, 2017.
             Was a Believer of Vehumet.
             Killed from afar by a deep elf mage (30 damage)
             ... with a bolt of negative energy
             ... in the Dungeon (Sprint VII: "The Pits").
             The game lasted 00:01:51 (420 turns).

Kidiri the Thaumaturge (Deep Elf Fire Elementalist)  Turns: 420, Time: 00:01:52

Health: -18/28     AC:  2    Str:  5    XL:     5   Next: 55%
Magic:  2/20       EV: 12    Int: 21    God:    Vehumet [**....]
Gold:   0          SH:  0    Dex: 15    Spells: 12/25 levels left

rFire    . . .     SeeInvis .   j - +1 dagger (drain)
rCold    . . .     Gourm    .   (no shield)
rNeg     . . .     Faith    .   a - +0 robe
rPois    .         Spirit   .   (no helmet)
rElec    .         Reflect  .   (no cloak)
rCorr    .         Harm     .   (no gloves)
MR       .....     NoTele   +   (no boots)
Stlth    ++........             (no amulet)
HPRegen  0.09/turn              (no ring)
MPRegen  0.17/turn              (no ring)

@: drained
A: no striking features
a: Renounce Religion


You were in the Dungeon.
You worshipped Vehumet.
Vehumet was pleased with you.
You were not hungry.

You visited 1 branch

Inventory:

Hand Weapons
 j - a +1 dagger of draining (weapon)
Armour
 a - a +0 robe (worn)
Scrolls
 i - a scroll of blinking
 l - 3 scrolls of remove curse
 m - 5 scrolls of amnesia
 n - a scroll of summoning
Potions
 d - 5 potions of heal wounds
 e - 5 potions of curing
 f - a potion of haste
 g - 4 potions of magic
 h - 3 potions of berserk rage
 k - 2 potions of invisibility
Books
 b - a book of Flames

   Spells                             Type                      Level
   a - Flame Tongue                   Conjuration/Fire             1
   b - Throw Flame                    Conjuration/Fire             2
   c - Conjure Flame                  Conjuration/Fire             3
   d - Inner Flame                    Hexes/Fire                   3
   e - Sticky Flame                   Conjuration/Fire             4
   f - Fireball                       Conjuration/Fire             5
Comestibles
 c - 8 bread rations
 o - 40 fruits
 p - 7 meat rations
 q - a chunk of flesh


   Skills:
 - Level 2.4(1.8) Dodging
 - Level 2.4(1.8) Stealth
 * Level 10.9(10.2) Spellcasting
 + Level 6.3(5.6) Conjurations
 + Level 7.1(6.4) Fire Magic


You had 12 spell levels left.
You knew the following spells:

 Your Spells              Type           Power        Failure   Level  Hunger
a - Flame Tongue          Conj/Fire      #####        1%          1    None
b - Throw Flame           Conj/Fire      #####.       1%          2    None
c - Conjure Flame         Conj/Fire      #####...     1%          3    None
d - Inner Flame           Hex/Fire       ###.....     4%          3    None
e - Sticky Flame          Conj/Fire      #####...     4%          4    ##.....


Dungeon Overview and Level Annotations

Branches:
Dungeon (1/1)

Altars:
Ashenzari
Cheibriados
Dithmenos
Elyvilon
Fedhas
Gozag
Hepliaklqana
Kikubaaqudgha
Makhleb
Nemelex Xobeh
Okawaru
Qazlal
Ru
Sif Muna
Trog
Uskayaw
Vehumet
Wu Jian
Xom
Yredelemnul
Zin
The Shining One
Beogh
Jiyva
Lugonu


Message History

Aim: an orc wizard, wielding a dagger and wearing a robe (chance to defeat MR: 82%)
The orc wizard is filled with an inner flame.
Unknown command.
Casting: Inner Flame
Confirm with . or Enter, or press ? or * to list all spells.
Aiming: Flame Tongue
Press: ? - help, Shift-Dir - straight line, f/p - orc wizard
Aim: an orc wizard, wielding a dagger and wearing a robe (inner flame)
The flame tongue hits the orc wizard.
The orc wizard appears unharmed.
Casting: Flame Tongue
Confirm with . or Enter, or press ? or * to list all spells.
Aiming: Flame Tongue
Press: ? - help, Shift-Dir - straight line, f/p - orc wizard
Aim: an orc wizard, wielding a dagger and wearing a robe (inner flame)
The flame tongue misses the orc wizard.
The flame tongue hits the river rat.
The river rat is severely wounded.
The deep elf mage gestures at you while chanting.
The bolt of negative energy hits you!
You feel drained.
Ouch! That really hurt!
You die...

##########.##.....
#...........'.....
#'#####÷#####.....
#.#....)#..##.....
#.#.....#))#####+#
#.###+###))##.....
#.#.....#))##.....
#.#.....#[[##.....
#@####'##+###...<.
#§#........##.....
#§#.....)..##.....
#§###########.....


#eo ###### #or. #.).# #.##g #.. #. You could see a deep elf mage, 2 orc wizards
and a river rat.

Vanquished Creatures
  A porcupine (D)
  A wolf (D)
  A gnoll (D)
  2 oozes (D)
  An orc (D)
  A bat skeleton (D)
  A giant cockroach (D)
  A frilled lizard (D)
  2 goblins (D)
11 creatures vanquished.

Notes
Turn   | Place    | Note
-------+----------+-------------------------------------------
     0 | D        | Kidiri the Deep Elf Fire Elementalist began the quest for the Orb.
     0 | D        | Reached XP level 1. HP: 10/10 MP: 6/6
    46 | D        | Found a bloodstained altar of Trog.
    46 | D        | Found a deep blue altar of Sif Muna.
    46 | D        | Found a viscous altar of Jiyva.
    46 | D        | Found a hazy altar of Hepliaklqana.
    46 | D        | Found an opulent altar of Gozag.
    47 | D        | Found a glowing golden altar of the Shining One.
    47 | D        | Found a glowing silver altar of Zin.
    47 | D        | Found a basalt altar of Yredelemnul.
    47 | D        | Found a shimmering altar of Xom.
    47 | D        | Found an ornate altar of the Wu Jian Council.
    47 | D        | Found a sacrificial altar of Ru.
    47 | D        | Found a stormy altar of Qazlal.
    47 | D        | Found an iron altar of Okawaru.
    47 | D        | Found a sparkling altar of Nemelex Xobeh.
    47 | D        | Found a burning altar of Makhleb.
    47 | D        | Found a blossoming altar of Fedhas.
    47 | D        | Found a white marble altar of Elyvilon.
    47 | D        | Found a shadowy altar of Dithmenos.
    47 | D        | Found a snail-covered altar of Cheibriados.
    49 | D        | Found a radiant altar of Vehumet.
    49 | D        | Found a corrupted altar of Lugonu.
    49 | D        | Found a roughly hewn altar of Beogh.
    50 | D        | Found a hide-covered altar of Uskayaw.
    50 | D        | Found an ancient bone altar of Kikubaaqudgha.
    50 | D        | Found a shattered altar of Ashenzari.
    57 | D        | Became a worshipper of Vehumet
    78 | D        | Reached skill level 5 in Spellcasting
    78 | D        | Reached XP level 2. HP: 15/15 MP: 3/10
   155 | D        | Learned a level 2 spell: Throw Flame
   159 | D        | Reached * piety under Vehumet
   159 | D        | Offered knowledge of Shock by Vehumet.
   188 | D        | Noticed a porcupine
   188 | D        | Reached ** piety under Vehumet
   188 | D        | Reached skill level 6 in Spellcasting
   198 | D        | Killed a porcupine
   198 | D        | Reached skill level 9 in Spellcasting
   198 | D        | Reached skill level 5 in Conjurations
   198 | D        | Reached XP level 3. HP: 5/19 MP: 3/15
   198 | D        | Reached XP level 4. HP: 7/24 MP: 3/17
   215 | D        | Learned a level 3 spell: Conjure Flame
   219 | D        | Learned a level 3 spell: Inner Flame
   224 | D        | Learned a level 4 spell: Sticky Flame
   409 | D        | Noticed a wolf
   410 | D        | Noticed a deep elf mage
   415 | D        | Offered knowledge of Throw Frost by Vehumet.
   416 | D        | Killed a wolf
   416 | D        | Reached skill level 10 in Spellcasting
   416 | D        | Reached XP level 5. HP: 12/28 MP: 7/20
   420 | D        | Killed from afar by a deep elf mage

Vault maps used:
D:        pitsprint

Skill      XL: |  1  2  3  4 |
---------------+-------------+-----
Spellcasting   | 5 9 10 | 10.9
Conjurations   | 2 5 6 |  6.3
Fire Magic     | 4 6 7 |  7.1
Dodging        | |  2.4
Stealth        | |  2.4

Action                   |  1- 3 |  4- 6 || total
-------------------------+-------+-------++-------
 Cast: Flame Tongue      |    19 |     6 ||    25
       Inner Flame       |       |     3 ||     3
       Conjure Flame     |       |     1 ||     1
       Sticky Flame      |       |     1 ||     1
  Use: Potion            |     2 |       ||     2
Armor: Robe              |     2 |     1 ||     3
Dodge: Dodged            |     4 |     1 ||     5

Table legend:
 A = Spawn XP
 B = Non-spawn XP
 C = Spawn XP percentage of total XP
 D = Spawn monster count
 E = Non-spawn monster count
 F = Spawn count percentage of total count
 G = Total turns spent on level
                    A         B        C        D         E        F      G
               +---------+---------+-------+---------+---------+-------+---------
         Total |       0 |     299 |   0.0 |       0 |      11 |   0.0 |   420
               +---------+---------+-------+---------+---------+-------+---------
             D |       0 |     299 |   0.0 |       0 |      11 |   0.0 |   420
               +---------+---------+-------+---------+---------+-------+---------
